Get step-by-step instructions on how to execute this build order below. Start the game timer, and the build order will tick by so you can play in parallel with StarCraft on a second screen or mobile device.

Game Time

  0:00

Last Step

  N/A

Next Step

  12  0:01  Probe (Chrono Boost)  

Upcoming Step

  13  0:15  Pylon  

Don't want to look back and forth between 2 screens? Try out our Overwolf App, the Spawning Tool Build Advisor to get an in-game overlay with this build!

Complete Build Order

  12  0:01  Probe (Chrono Boost)  
  13  0:15  Pylon  
  13  0:18  Probe (Chrono Boost)  
  14  0:29  Probe (Chrono Boost)  
  14  0:35  Gateway  
  15  0:39  Probe (Chrono Boost)  
  16  0:50  Probe (Chrono Boost)  
  17  1:00  Probe (Chrono Boost)  
  18  1:16  Nexus  
  18  1:27  Cybernetics Core  
  18  1:34  Probe (Chrono Boost)  
  18  1:39  Assimilator  
  19  1:45  Probe (Chrono Boost)  
  20  1:58  Pylon  
  19  2:01  Pylon  
  19  2:02  Probe (Chrono Boost)  
  20  2:11  Assimilator  
  20  2:12  Probe (Chrono Boost)  
  20  2:15  Zealot (Chrono Boost)  
  23  2:24  Probe  
  23  2:28  Pylon, Probe  
  25  2:44  Gateway  
  25  2:46  Mothership Core  
  25  2:50  Probe  
  28  3:02  Probe  
  29  3:06  Probe  
  29  3:08  Warp Gate (Chrono Boost)  
  29  3:11  Pylon  
  30  3:15  Probe  
  30  3:16  Probe  
  32  3:29  Probe x2  
  32  3:30  Twilight Council  
  34  3:36  Adept  
  36  3:41  Adept  
  36  3:44  Probe  
  36  3:45  Probe  
  40  4:00  Probe  
  40  4:01  Gateway  
  41  4:11  Pylon  
  41  4:25  Probe  
  41  4:27  Probe  
  41  4:31  Resonating Glaives (Chrono Boost)  
  43  4:38  Gateway  
  43  4:45  Probe x2  
  44  4:46  Forge  
  44  4:47  Gateway  
  44  4:50  Gateway  
  44  4:51  Gateway  
  45  4:56  Assimilator  
  45  4:58  Assimilator  
  46  5:00  Pylon, Probe  
  46  5:05  Probe  
  46  5:06  Pylon  
  47  5:14  Adept  
  47  5:15  Adept  
  47  5:17  Probe  
  47  5:21  Pylon, Probe  
  52  5:25  Protoss Ground Weapons Level 1 (Chrono Boost)  
  53  5:29  Probe  
  53  5:43  Adept x2  
  53  5:44  Adept x3  
  63  6:14  Adept x5  
  63  6:15  Adept x2  
  63  6:16  Probe  
  63  6:17  Probe  
  79  6:23  Robotics Facility  
  77  6:53  Probe  
  70  6:55  Adept  
  70  6:56  Adept x4  
  70  6:57  Adept x2  
  70  7:00  Probe  
  84  7:04  Charge  
  84  7:05  Probe  
  86  7:08  Protoss Ground Weapons Level 2 (Chrono Boost)  
  86  7:18  Pylon, Dark Shrine  
  86  7:22  Probe x2  
  87  7:26  Photon Cannon  
  87  7:27  Warp Prism  
  87  7:29  Pylon  
  90  7:34  Probe  
  91  7:39  Adept x3  
  91  7:40  Adept  
  99  7:55  Adept x3  
  105  8:10  Stalker x2  
  109  8:23  Pylon  
  109  8:24  Pylon  
  109  8:33  Pylon  
  109  8:48  Nexus  
  109  8:50  Pylon  
  101  9:08  Stalker x2  
  101  9:09  Stalker x5  
  115  9:12  Immortal  
  113  9:23  Probe  
  106  9:25  Probe  
  103  9:35  Probe  
  102  9:45  Adept x2  
  104  9:46  Adept x5  
  116  9:55  Probe  
  116  9:56  Probe  
  118  10:05  Probe  
  118  10:06  Probe  
  118  10:08  Probe  
  119  10:18  Stalker x3  
  119  10:19  Stalker x4  
  119  10:20  Probe  
  133  10:22  Probe  
  133  10:24  Probe  
  136  10:29  Pylon  
  136  10:37  Assimilator  
  136  10:40  Protoss Ground Weapons Level 3 (Chrono Boost)  
  136  10:42  Assimilator  
  136  10:46  Dark Templar x4  
  144  11:15  Probe  
  144  11:17  Probe  
  146  11:21  Gateway  
  146  11:24  Gateway  
  146  11:27  Gateway  
  146  11:28  Gateway  
  146  11:29  Photon Cannon  
  146  11:30  Photon Cannon  
  146  11:36  Pylon  
  146  11:37  Probe  
  146  11:39  Pylon  
  147  11:44  Nexus  
  147  11:48  Assimilator  
  147  11:50  Assimilator  
  113  12:02  Probe  
  113  12:04  Probe  
  115  12:12  Dark Templar x2  
  115  12:13  Dark Templar x3  
  125  12:23  Observer (Chrono Boost)  
  126  12:43  Observer (Chrono Boost)  
  127  12:57  Zealot x4  
  127  12:58  Zealot x3  
  137  12:59  Zealot x3  
  137  13:01  Observer (Chrono Boost)  
  137  13:03  Dark Templar  
  150  13:08  Protoss Shields Level 1  
  133  13:20  Observer (Chrono Boost)  
  129  13:28  Stalker x3  
  135  13:36  Pylon  
  135  13:38  Pylon  
  135  13:41  Pylon  
  135  13:45  Pylon  
  135  13:57  Zealot x6  
  135  13:58  Zealot x2  
  142  14:03  Zealot  
  142  14:04  Zealot x2  
  142  14:05  Probe x2  
  141  14:14  Probe x2  
  143  14:17  Probe x2  
  145  14:27  Adept x2, Probe  
  150  14:45  Dark Templar  
  151  15:14  Observer (Chrono Boost)  
  151  15:27  Pylon  
  151  15:33  Immortal (Chrono Boost)  
  151  15:38  Dark Templar x2  
  151  15:39  Dark Templar x6  
  151  15:40  Dark Templar  
  169  15:50  Archon x5  
  169  15:51  Archon x3  
  169  16:01  Probe  
  169  16:02  Probe  
  169  16:03  Probe  
  172  16:16  Nexus, Probe x2  
  174  16:43  Zealot  
  174  16:44  Zealot x6  
  174  16:45  Zealot x2  
  160  17:05  Zealot x3  
  160  17:06  Zealot x6  
  122  17:19  Dark Templar  
  118  17:34  Observer (Chrono Boost)  
  113  17:47  Probe  
  113  18:03  Stalker x2  
  113  18:04  Stalker x6  
  113  18:05  Stalker x2  
  113  18:37  Observer (Chrono Boost)  
  102  19:00  Immortal (Chrono Boost)  
  101  19:13  Zealot x5  
  101  19:14  Zealot x2  
  115  19:25  Nexus  
  113  19:48  Mothership Core (Chrono Boost)  
  105  19:55  Zealot x5  
  105  19:56  Zealot x2  
  105  19:58  Immortal  
  121  20:15  Probe (Chrono Boost)  
  121  20:17  Probe (Chrono Boost)  
  121  20:20  Pylon  
  121  20:37  Immortal  
  121  20:42  Zealot x7  
  136  20:57  Gateway  
  136  20:59  Gateway  
  136  21:02  Pylon  
  136  21:04  Gateway  
  136  21:08  Pylon, Gateway, Templar Archives  
  136  21:09  Pylon, Gateway  
  136  21:10  Pylon  
  136  21:12  Gateway  
  136  21:19  Assimilator  
  136  21:23  Assimilator  
  136  21:26  Pylon  
  136  21:28  Pylon  
  136  21:38  Photon Cannon  
  136  21:54  High Templar x2  
  136  21:55  High Templar x5  
  136  22:00  Immortal (Chrono Boost)  
  154  22:02  Archon  
  154  22:03  Archon x2  
  154  22:08  Robotics Facility  
  154  22:15  Robotics Bay, Pylon  
  154  22:29  Protoss Shields Level 2  
  154  22:30  Psionic Storm  
  154  22:34  High Templar x5  
  154  22:35  High Templar x2  
  168  22:38  Archon x2  
  168  22:39  Archon  
  168  22:51  Assimilator  
  168  22:55  Assimilator  
  168  23:09  Nexus  
  168  23:11  Assimilator  
  168  23:15  Assimilator  
  168  23:19  Pylon  
  168  23:20  Pylon, Zealot x6  
  168  23:21  Zealot x3  
  168  23:22  Zealot x3  
  180  23:48  Colossus x2 (Chrono Boost)  
  162  23:58  Extended Thermal Lance (Chrono Boost)  
  162  24:21  High Templar x6  
  162  24:22  High Templar x2  
  166  24:33  Zealot x4  
  166  24:34  Zealot  
  168  24:53  Sentry x2  
  168  24:54  Sentry x3  
  177  25:11  Zealot x7  
  177  25:12  Zealot  
  193  25:14  Probe x2  
  193  25:15  Probe x2  
  193  25:16  Probe  
  182  25:29  Observer Gravitic Boosters (Chrono Boost)  
  182  25:31  Observer x2  
  182  25:40  Zealot x2  
  182  25:41  Zealot x6  
  182  25:42  Zealot  
  93  26:50  Archon  
  93  26:51  Archon  
  93  26:53  Zealot x4  
  93  26:54  Zealot x3